 Dungeon Sprint DCSS version 0.23-a0-335-gba3dfdf (webtiles) character file.

2396 Fang the Cleaver (level 9, -9/68 HPs)
             Began as a Gargoyle Berserker on Oct 17, 2018.
             Was the Champion of Trog.
             Mangled by an orc knight
             ... wielding a +0 battleaxe
              (10 damage)
             ... in the Dungeon (Sprint VII: "The Pits").
             The game lasted 00:02:41 (1034 turns).

Fang the Cleaver (Gargoyle Berserker)               Turns: 1034, Time: 00:02:42

Health: -9/68      AC: 22    Str: 23    XL:     9   Next: 46%
Magic:  9/9        EV:  9    Int:  9    God:    Trog [******]
Gold:   0          SH:  0    Dex:  9    Spells: 8/8 levels left

rFire    . . .     SeeInvis .   j - +1 battleaxe (chop)
rCold    . . .     Gourm    .   (shield currently unavailable)
rNeg     + . .     Faith    .   s - +3 plate armour
rPois    ∞         Spirit   .   (no helmet)
rElec    +         Reflect  .   (no cloak)
rCorr    .         Harm     .   (no gloves)
MR       .....     NoTele   +   (no boots)
Stlth    ..........             (no amulet)
HPRegen  0.21/turn              (no ring)
MPRegen  0.11/turn              (no ring)

@: berserk cooldown, slowed, very slow
A: negative energy resistance 1, electricity resistance, unbreathing,
petrification resistance, rot immunity, AC +6
a: Berserk, Trog's Hand, Brothers in Arms, Renounce Religion


You were in the Dungeon.
You worshipped Trog.
Trog was exalted by your worship.
You were very hungry.

You visited 1 branch

Inventory:

Hand Weapons
 j - a +1 battleaxe of chopping (weapon)
 m - a +1 hand axe of freezing
 r - a +2 vampiric war axe
Armour
 s - a +3 plate armour (worn)
Jewellery
 o - a +3 ring of strength
 q - a +3 ring of dexterity
Scrolls
 i - a scroll of blinking
 k - 3 scrolls of remove curse
 l - a scroll of summoning
Potions
 a - 2 potions of invisibility
 d - 6 potions of curing
 e - 18 potions of heal wounds
 f - 2 potions of haste
 g - 4 potions of magic
 h - 3 potions of berserk rage
 p - a potion of agility
Comestibles
 c - 9 rations


   Skills:
 + Level 13.1 Fighting
 + Level 13.3 Axes
 + Level 7.4 Armour
 + Level 5.9 Dodging
 + Level 2.0 Stealth


You had 8 spell levels left.
You didn't know any spells.
Your spell library was empty.

Dungeon Overview and Level Annotations

Branches:
Dungeon (1/1)

Altars:
Ashenzari
Cheibriados
Dithmenos
Elyvilon
Fedhas
Gozag
Hepliaklqana
Kikubaaqudgha
Makhleb
Nemelex Xobeh
Okawaru
Qazlal
Ru
Sif Muna
Trog
Uskayaw
Vehumet
Wu Jian
Xom
Yredelemnul
Zin
The Shining One
Beogh
Jiyva
Lugonu


Innate Abilities, Weirdness & Mutations

You are resistant to torment.
Your stone body is resilient. (AC +6)
You are immune to poison.
You resist negative energy. (rN+)
You are resistant to electric shocks. (rElec)
You can survive without breathing.
You are immune to petrification.
You are immune to rotting.


Message History

Unknown command.
You closely miss the orc knight.
The orc knight is heavily wounded.
You slice the orc priest!!
You kill the orc priest!
Trog accepts your kill. Something appears at your feet!
Trog grants you ammunition!
The orc knight hits you with a +0 battleaxe!!
* * * LOW HITPOINT WARNING * * *
Your plate armour prevents you from hitting the orc knight.
The orc knight is heavily wounded.
The orc knight closely misses you.
Unknown command.
You slash the orc knight!
The orc knight is severely wounded.
The orc knight hits you with a +0 battleaxe!!
* * * LOW HITPOINT WARNING * * *
The orc knight hits you with a +0 battleaxe!
You die...

____.#
__...###########++######
####'##................#
)))'.##......#..#......#
####.##................+
.....)'................+
#'#####......#..#......#
...'.##................#
...#.#####'#####@'######
####.##.......##o)#
...#.##.......##..#
...'.##.......##..#
#######...<...##..#
.))))##.......##..#
..))[##.......##..#
#######.......##...
..#..##########


You could see an orc knight.

Vanquished Creatures
  A deep elf mage (D)
  An orc sorcerer (D)
  A cyclops (D)
  A molten gargoyle (D)
  A wyvern (D)
  A fire bat (D)
  A warg (D)
  An acid dragon (D)
  A centaur (D)
  A crimson imp (D)
  3 jellies (D)
  2 orc priests (D)
  A hound (D)
  An orc wizard (D)
  A gnoll (D)
  2 river rats (D)
  An ufetubus (D)
  An ooze (D)
  5 orcs (D)
  A bat skeleton (D)
  A hobgoblin (D)
  A quokka (D)
  A ball python (D)
  A quokka skeleton (D)
  2 rats (D)
34 creatures vanquished.

Notes
Turn   | Place    | Note
-------+----------+-------------------------------------------
     0 | D        | Fang the Gargoyle Berserker began the quest for the Orb.
     0 | D        | Reached XP level 1. HP: 14/14 MP: 1/1
    26 | D        | Reached XP level 2. HP: 15/20 MP: 2/2
   101 | D        | Found a bloodstained altar of Trog.
   101 | D        | Found a deep blue altar of Sif Muna.
   101 | D        | Found a viscous altar of Jiyva.
   101 | D        | Found a hazy altar of Hepliaklqana.
   101 | D        | Found an opulent altar of Gozag.
   102 | D        | Found a glowing golden altar of the Shining One.
   102 | D        | Found a glowing silver altar of Zin.
   102 | D        | Found a basalt altar of Yredelemnul.
   102 | D        | Found a shimmering altar of Xom.
   102 | D        | Found an ornate altar of the Wu Jian Council.
   102 | D        | Found a sacrificial altar of Ru.
   102 | D        | Found a stormy altar of Qazlal.
   102 | D        | Found an iron altar of Okawaru.
   102 | D        | Found a sparkling altar of Nemelex Xobeh.
   102 | D        | Found a burning altar of Makhleb.
   102 | D        | Found a blossoming altar of Fedhas.
   102 | D        | Found a white marble altar of Elyvilon.
   102 | D        | Found a shadowy altar of Dithmenos.
   102 | D        | Found a snail-covered altar of Cheibriados.
   104 | D        | Found a radiant altar of Vehumet.
   104 | D        | Found a corrupted altar of Lugonu.
   104 | D        | Found a roughly hewn altar of Beogh.
   154 | D        | Reached ** piety under Trog
   386 | D        | Reached skill level 5 in Fighting
   394 | D        | Reached XP level 3. HP: 26/26 MP: 3/3
   397 | D        | Reached *** piety under Trog
   400 | D        | Reached skill level 5 in Axes
   400 | D        | Reached XP level 4. HP: 32/32 MP: 4/4
   402 | D        | Reached **** piety under Trog
   502 | D        | Noticed a deep elf mage
   504 | D        | Reached XP level 5. HP: 38/38 MP: 5/5
   505 | D        | Noticed a centaur
   515 | D        | Killed a centaur
   515 | D        | Reached XP level 6. HP: 45/45 MP: 6/6
   519 | D        | Killed a deep elf mage
   519 | D        | Reached ***** piety under Trog
   519 | D        | Reached skill level 10 in Fighting
   519 | D        | Reached skill level 10 in Axes
   519 | D        | Reached skill level 5 in Armour
   519 | D        | Reached skill level 1 in Stealth
   519 | D        | Reached XP level 7. HP: 53/53 MP: 7/7
   575 | D        | Noticed a molten gargoyle
   580 | D        | Killed a molten gargoyle
   580 | D        | Reached skill level 5 in Dodging
   580 | D        | Reached XP level 8. HP: 60/60 MP: 8/8
   631 | D        | Received a gift from Trog
   703 | D        | Noticed a cyclops
   703 | D        | Noticed a wyvern
   708 | D        | Killed a wyvern
   718 | D        | Killed a cyclops
   718 | D        | Reached XP level 9. HP: 15/66 MP: 9/9
   989 | D        | Found a hide-covered altar of Uskayaw.
   989 | D        | Found an ancient bone altar of Kikubaaqudgha.
   989 | D        | Found a shattered altar of Ashenzari.
  1011 | D        | Noticed an orc sorcerer
  1013 | D        | Noticed an orc knight
  1016 | D        | Received a gift from Trog
  1018 | D        | Noticed a soul eater
  1021 | D        | Noticed a soul eater
  1021 | D        | Killed an orc sorcerer
  1032 | D        | Reached ****** piety under Trog
  1032 | D        | Received a gift from Trog
  1034 | D        | HP: 1/68 [orc knight/+0 battleaxe (18)]
  1034 | D        | Mangled by an orc knight

Vault maps used:
D:        pitsprint

Skill      XL: |  1  2  3  4  5  6  7  8  9 |
---------------+----------------------------+-----
Fighting       | 4 5 6 7 8 10 11 12 13 | 13.1
Axes           | 3 4 5 6 7 10 11 12 13 | 13.3
Dodging        | 2 3 4 5 |  5.9
Armour         | 3 4 5 6 7 |  7.4
Stealth        | 1 2 |  2.0

Action                   |  1- 3 |  4- 6 |  7- 9 || total
-------------------------+-------+-------+-------++-------
Melee: Hand axe          |    27 |    17 |    31 ||    75
       Battleaxe         |       |       |    19 ||    19
Invok: Berserk           |     2 |     1 |     4 ||     7
  Eat: Chunk             |       |     1 |     5 ||     6
Armor: Animal skin       |     4 |       |       ||     4
       Plate armour      |       |    13 |    21 ||    34
Dodge: Dodged            |    17 |     5 |    15 ||    37

Table legend:
 A = Non-vault XP
 B = Vault XP
 C = Vault XP percentage of total XP
 D = Non-vault monster count
 E = Vault monster count
 F = Vault count percentage of total count
                 A         B        C        D         E       F
            +---------+---------+-------+---------+---------+-------
      Total |       0 |    3423 | 100.0 |       0 |      34 | 100.0
            +---------+---------+-------+---------+---------+-------
          D |       0 |    3423 | 100.0 |       0 |      34 | 100.0
            +---------+---------+-------+---------+---------+-------
